cohdb
Replays
Latest Replays
All Replays
Popular Replays
Top Player Replays
Match Explorer
How It Works
Community
CoH3 Stats
Reddit
Sign in to upload your games and track your stats! →
Sign in with Steam
Match 45969807
Unlisted
Match 45969807
Overview
Messages
Build Orders
End
Selects Italian Coastal Battlegroup
Selects Coastal Reserves
Coastal Reserve
Construct Infanterie Kompanie
GrW 34 Mortar Team
Coastal Reserve
Coastal Reserve
Infanterie Officer Quarters
Selects Artillery Officer
Artillery Officer
Coastal Reserve
Construct Luftwaffe Kompanie
Selects Support Bunkers
Jäger Squad
Selects Rapid Fortifications
Support Elements
Rapid Fortifications
Medical Bunker
Marder III M Tank Destroyer
Rapid Fortifications
Anti-tank Bunker
Marder III M Tank Destroyer
Pioneer Squad
Rapid Fortifications
kkangza
317jun
TunTunTunSahur
Kampfprostituierte
裂空
Knight
matrix4x4
Reiss.^
0
0
Comments
sign in to comment!
No comments posted yet!